[Event "*** Titled Tuesday Blitz"]
[Site "Chess.com"]
[Date "2021.04.06"]
[Round "8"]
[White "powermove"]
[Black "ChronicUnhappiness"]
[Result "1-0"]
[WhiteElo "1712"]
[BlackElo "2301"]
[TimeControl "180+1"]
[EndTime "11:29:04 PDT"]
[Termination "powermove won on time"]

1. e4 c5 2. Nf3 Nc6 3. Bb5 g6 4. O-O Bg7 5. c3 Nf6 6. Re1 O-O 7. d4 d5 8. e5 Ne4 9. Bxc6 bxc6 10.
Nbd2 Nxd2 11. Bxd2 Bf5 12. dxc5 Qc7 13. Be3 a5 14. b3 Rfb8 15. Bd4 Qb7 16. h3 Qb5 17. Qd2 a4 18. b4 a3 19. Rad1 Qc4 20. Qe2 Qxe2 21.
Rxe2 Bc8 22. Nd2 Ba6 23. Ree1 Re8 24. f4 h5 25. g3 Bh6 26. h4 Bg7 27. Kf2 f6 28.
Re3 Kf7 29. Rde1 Rac8 30. Nb3 Bb5 31. Na5 Bh8 32. exf6 exf6 33. Nb7 1-0

[Event "*** Titled Tuesday Blitz"]
[Site "Chess.com"]
[Date "2021.04.06"]
[Round "8"]
[White "Oleksandr_Bortnyk"]
[Black "fearless_guy"]
[Result "0-1"]
[WhiteElo "2939"]
[BlackElo "2799"]
[TimeControl "180+1"]
[EndTime "11:29:05 PDT"]
[Termination "fearless_guy won on time"]

1. d4 e6 2. Nc3 d5 3. e4 h6 4. Nf3 Nf6 5. Bd3 Bb4 6. e5 Ne4 7. O-O Nxc3 8. bxc3 Bxc3 9. Rb1 Nc6 10. Ba3 a5 11.
Bb5 Bb4 12. Bxb4 axb4 13. Rxb4 Rxa2 14. Qb1 Ra8 15. Bxc6+ bxc6 16. Nd2 Ba6 17. Re1 O-O 18. Rb3 Qh4 19. Nf3 Qe7 20. Nd2 c5 21. Rg3 cxd4 22.
Nf3 f5 23. Qc1 Kh7 24. Nxd4 c5 25. Nf3 d4 26. h4 Bb7 27. Qf4 Qf7 28. Rb1 Be4 29.
Rb6 Rfb8 30. Rxb8 Rxb8 31. Nd2 Bd5 32. c3 Qh5 33. cxd4 Qd1+ 34. Kh2 Rb4 35. Qe3 cxd4 36.
Qd3 Ra4 37. Qb5 Ra1 0-1

[Event "*** Titled Tuesday Blitz"]
[Site "Chess.com"]
[Date "2021.04.06"]
[Round "8"]
[White "UCantHandleDenker"]
[Black "2346PL"]
[Result "1-0"]
[WhiteElo "2604"]
[BlackElo "2490"]
[TimeControl "180+1"]
[EndTime "11:29:05 PDT"]
[Termination "UCantHandleDenker won by resignation"]

1. Nf3 d6 2. g3 f5 3. Bg2 Nf6 4. O-O g6 5. d3 Bg7 6. c4 O-O 7. Nc3 Nh5 8. Rb1 f4 9. Bd2 Nc6 10. b4 e5 11. b5 Ne7 12. a4 h6 13.
e3 fxg3 14. fxg3 Nf6 15. e4 g5 16. Nd5 c6 17. bxc6 bxc6 18. Ba5 Qd7 19. Nc7 Ng4 20. Qd2 c5 21. Nxa8 Nc6 22. Bc3 Bb7 23. Bh3 Bxa8 24. Nxg5 h5 25. Rxf8+ Bxf8 26. Nf3 Be7 27.
Nh4 Nd4 28. Bxd4 exd4 29. Nf5 Bc6 30. Qf4 Qd8 31. Bxg4 hxg4 32. Qxg4+ Kf7 33. Qg7+ Ke6 34. Qg4 Bd7 35. Nxd4+ Kf7 36. Rf1+ Bf6 37. Qh5+ Kg7 38. Nf5+ Bxf5 39. Rxf5 Qe7 40. Kg2 Qe6 41. Qg4+ Kf7 42.
h4 Qe8 43. Qf3 Qe7 44. g4 Kg7 45. g5 Bd4 46. h5 Qd7 47. g6 Kh6 48. Qf4+ 1-0

[Event "*** Titled Tuesday Blitz"]
[Site "Chess.com"]
[Date "2021.04.06"]
[Round "8"]
[White "Trickster_Pony"]
[Black "volunteers1998"]
[Result "1-0"]
[WhiteElo "1575"]
[BlackElo "2207"]
[TimeControl "180+1"]
[EndTime "11:29:05 PDT"]
[Termination "Trickster_Pony won by resignation"]

1. c4 f5 2. g3 Nf6 3. Bg2 g6 4. Nc3 Bg7 5. d3 O-O 6. Nf3 d6 7. O-O e5 8. Nd2 Nc6 9. Rb1 a6 10. b4 g5 11. b5 axb5 12. cxb5 Nd4 13. e3 Ne6 14. Nd5 Qe8 15. Qb3 Kh8 16. Nxf6 Rxf6 17.
Nc4 Qh5 18. b6 Rh6 19. h3 Nc5 20. Qb5 c6 21. Qb2 f4 22. exf4 Bxh3 23. fxg5 Bxg2 24. Kxg2 Qh3+ 25. Kf3 Qxf1 26. gxh6 Rf8+ 27. Kg4 Qxf2 28. hxg7+ Kxg7 29. Qxf2 Rxf2 30. Nxd6 Nxd3 31. Be3 Rxa2 32. Nxb7 Ra6 33. Nc5 Nxc5 34. Bxc5 Ra8 35. b7 Rb8 36. Bd6 1-0

[Event "*** Titled Tuesday Blitz"]
[Site "Chess.com"]
[Date "2021.04.06"]
[Round "8"]
[White "Chernobay_Artem"]
[Black "c_r_e_e_p_e_r"]
[Result "1-0"]
[WhiteElo "2580"]
[BlackElo "2363"]
[TimeControl "180+1"]
[EndTime "11:29:06 PDT"]
[Termination "Chernobay_Artem won by checkmate"]

1. d4 Nf6 2. c4 e6 3. Nf3 b6 4. g3 Ba6 5. b3 c5 6. d5 Nxd5 7. cxd5 Qf6 8. dxe6 Qxa1 9. exf7+ Kd8 10. Bg2 Bb7 11. O-O Be7 12. Bf4 Qf6 13. Na3 d5 14. Ne5 Qe6 15. Nb5 g5 16. Nd3 gxf4 17. Nxf4 Qxf7 18. Nxd5 Nd7 19. Nxb6 axb6 20. Bxb7 Rb8 21.
Bc6 Bf8 22. e4 Kc8 23. f4 Qe7 24. e5 Bg7 25. Qg4 Rg8 26. Rd1 Rb7 27. Bxb7+ Kd8 28. Bc6 Re8 29. Rxd7+ Kc8 30. Rxe7+ Kb8 31. Rxe8# 1-0

[Event "*** Titled Tuesday Blitz"]
[Site "Chess.com"]
[Date "2021.04.06"]
[Round "8"]
[White "lukazz029"]
[Black "Chessbard1972"]
[Result "1-0"]
[WhiteElo "2141"]
[BlackElo "2314"]
[TimeControl "180+1"]
[EndTime "11:29:06 PDT"]
[Termination "lukazz029 won by resignation"]

1. e4 c5 2. Nf3 a6 3. c4 e6 4.
Nc3 Qc7 5. d4 cxd4 6. Nxd4 Nf6 7. Be3 Bb4 8. f3 d5 9. cxd5 Bxc3+ 10. bxc3 Qxc3+ 11. Kf2 O-O 12. Bd3 exd5 13. e5 Nfd7 14.
f4 Nc5 15. Bc2 Nc6 16. Nf3 Ne4+ 17. Bxe4 dxe4 18. Ng5 Qb2+ 19. Kg3 Bf5 20. Bc5 Rfd8 21. Bd6 h6 22. Nh3 Qc3+ 23. Kh4 Bxh3 24. gxh3 g5+ 25. fxg5 hxg5+ 26. Kxg5 Nxe5 27. Kh5 Nf3 28. Rg1+ Kh7 29.
Qd5 Qf6 30. Qxe4+ Kh8 31. Be7 Rd5+ 32. Qxd5 Qxe7 33. Qxf3 Rc8 34. Rg5 Rc6 35. Rag1 Rg6 36. Rxg6 fxg6+ 37. Rxg6 Qe5+ 38. Kh6 Qe7 39. Qc3+ 1-0

[Event "*** Titled Tuesday Blitz"]
[Site "Chess.com"]
[Date "2021.04.06"]
[Round "8"]
[White "Zmof"]
[Black "Shankovskyi"]
[Result "1-0"]
[WhiteElo "2224"]
[BlackElo "2434"]
[TimeControl "180+1"]
[EndTime "11:29:06 PDT"]
[Termination "Zmof won by checkmate"]

1. e4 e6 2. d4 d5 3. e5 c5 4. c3 Nc6 5. Nf3 Qb6 6. a3 c4 7.
Nbd2 Na5 8. Be2 Ne7 9. Rb1 Bd7 10. b4 cxb3 11. Nxb3 Nxb3 12. Qxb3 Qxb3 13. Rxb3 Bc6 14. Bd3 Nf5 15. g4 Ne7 16. Ke2 Ng6 17. h4 h5 18.
Bxg6 fxg6 19. g5 a5 20. Ne1 a4 21. Rb1 Ra5 22. Ng2 Bb5+ 23. Kd2 Kd7 24. Nf4 Be7 25. Nxg6 Rc8 26. Nf4 Rf8 27. Ke3 Bc6 28. Nxh5 g6 29.
Ng3 Rh8 30. f4 Rb5 31. Rxb5 Bxb5 32. h5 gxh5 33. Rxh5 Rf8 34. Rh7 Kd8 35. Nh5 b6 36.
Nf6 Bxf6 37. exf6 Bc6 38. Bd2 Bb5 39. Be1 Bf1 40. Bh4 Bh3 41. g6 Bf5 42. g7 Re8 43. Rh8 Bh7 44. Rxh7 Kd7 45. f7 e5 46. fxe8=Q+ Kxe8 47. g8=Q# 1-0

[Event "*** Titled Tuesday Blitz"]
[Site "Chess.com"]
[Date "2021.04.06"]
[Round "8"]
[White "Cuajada_Zero"]
[Black "J36225"]
[Result "0-1"]
[WhiteElo "2313"]
[BlackElo "2442"]
[TimeControl "180+1"]
[EndTime "11:29:08 PDT"]
[Termination "J36225 won on time"]

1. d4 Nf6 2. Bg5 e6 3. e4 h6 4.
Bxf6 Qxf6 5. c3 g6 6. Bd3 Bg7 7. Ne2 d6 8. Nd2 O-O 9. O-O b6 10. f4 Bb7 11. Ng3 Qh4 12. f5 exf5 13. exf5 Bxd4+ 14. Kh1 Be5 15. Qe1 Nd7 16. fxg6 fxg6 17. Rxf8+ Rxf8 18. Bxg6 Bxg3 19. Qxg3 Qxg3 20. hxg3 Ne5 21. Be4 Bxe4 22. Nxe4 Nd3 23. b3 d5 24. Nd2 Rf2 25.
Nf1 Ne5 26. Kg1 Re2 27. Rd1 c6 28. Rd2 Rxd2 29. Nxd2 Kf7 30. Kf2 Kf6 31. Ke3 Kf5 32. Nf3 c5 33. Nh2 Ng4+ 34. Nxg4 Kxg4 35. Kf2 h5 36. a3 a5 37. a4 d4 38. c4 d3 39.
Ke3 Kxg3 40. Kxd3 Kxg2 0-1

[Event "*** Titled Tuesday Blitz"]
[Site "Chess.com"]
[Date "2021.04.06"]
[Round "8"]
[White "Two_Towers_Krakow"]
[Black "NikolaGry"]
[Result "1/2-1/2"]
[WhiteElo "2518"]
[BlackElo "2692"]
[TimeControl "180+1"]
[EndTime "11:29:09 PDT"]
[Termination "Game drawn - insufficient material"]

1. e4 e5 2. Nf3 d6 3. d4 exd4 4.
Nxd4 Nf6 5. Nc3 g6 6. f3 Bg7 7. Be3 O-O 8. Qd2 d5 9. e5 Nfd7 10. f4 c5 11. Nxd5 cxd4 12. Bxd4 Nc6 13. Be3 Nb6 14.
Nxb6 Qxd2+ 15. Kxd2 axb6 16. Bxb6 Be6 17. a3 f6 18. exf6 Bxf6 19. c3 Na5 20. Re1 Bf5 21. Bxa5 Rxa5 22. Bc4+ Kg7 23. Be6 Rd8+ 24. Kc1 Bd3 25.
Re3 Bf5 26. g4 Bxe6 27. Rxe6 Rf8 28. Rd1 Bh4 29. Rd7+ Rf7 30. Rxf7+ Kxf7 31. Rb6 Ra7 32. Kc2 Bf2 33. Rb5 b6 34. Kd3 Rd7+ 35. Ke2 Bg1 36.
h3 Re7+ 37. Kf1 Be3 38. f5 Kf6 39. a4 Re4 40. Ke2 Bc5+ 41. Kd3 Rxa4 42. b4 Bg1 43. fxg6 hxg6 44. Rd5 Bh2 45. Kc4 Ra3 46. h4 Be5 47.
Rd3 Ke6 48. h5 gxh5 49. gxh5 Ra8 50. Rh3 Rc8+ 51. Kb5 Rxc3 52. Rxc3 Bxc3 53. h6 Bxb4 54. Kxb4 Kf6 55. Kb5 Kg6 56. Kxb6 Kxh6 1/2-1/2

[Event "*** Titled Tuesday Blitz"]
[Site "Chess.com"]
[Date "2021.04.06"]
[Round "8"]
[White "esrosenberg"]
[Black "Das_Virus_2020"]
[Result "1/2-1/2"]
[WhiteElo "2215"]
[BlackElo "2423"]
[TimeControl "180+1"]
[EndTime "11:29:11 PDT"]
[Termination "Game drawn by repetition"]

1. Nf3 Nf6 2. c4 c5 3. Nc3 Nc6 4. g3 e6 5. Bg2 d5 6. cxd5 Nxd5 7. O-O Nf6 8. a3 Be7 9. b4 cxb4 10. axb4 Bxb4 11.
Qa4 Bd7 12. Nd4 Be7 13. Nxc6 bxc6 14. Bxc6 O-O 15. Bxd7 Nxd7 16. Ba3 Nb6 17. Qf4 a5 18. Bxe7 Qxe7 19. d3 h6 20. Rfb1 Rfb8 21. h4 Rb7 22. Rb5 Nd5 23. Nxd5 exd5 24. Rbxa5 Rd8 25. Ra8 Rd7 26.
Rxd8+ Rxd8 27. Rc1 h5 28. e3 g6 29. Rc7 Qe6 30. Rb7 Re8 31. Rb8 Rxb8 32. Qxb8+ Kh7 33. Qf4 Kg7 34. Kg2 Kh7 35. e4 dxe4 36. dxe4 Kg7 37. Qf3 Qe5 38. Qe3 Kh7 39. f4 Qb2+ 40. Qf2 Qb7 41. Qf3 Qb2+ 42. Qf2 Qb7 43. Qf3 Qb2+ 44. Qf2 1/2-1/2

[Event "*** Titled Tuesday Blitz"]
[Site "Chess.com"]
[Date "2021.04.06"]
[Round "8"]
[White "GMJustin"]
[Black "ajedrez1101"]
[Result "1-0"]
[WhiteElo "2277"]
[BlackElo "2113"]
[TimeControl "180+1"]
[EndTime "11:29:11 PDT"]
[Termination "GMJustin won on time"]

1. e4 b6 2. d4 Bb7 3. Nd2 e6 4.
Ngf3 d5 5. Bd3 c5 6. exd5 Bxd5 7. O-O Nf6 8. c3 Be7 9. Bb5+ Nbd7 10. c4 Bb7 11. dxc5 Bxc5 12. Nb3 O-O 13. Nxc5 Nxc5 14. b4 Qxd1 15. Rxd1 Nce4 16. Bb2 Rfd8 17. Ne5 a6 18.
Ba4 Rac8 19. f3 Nd6 20. Rac1 b5 21. cxb5 Nxb5 22. Bb3 Bd5 23. Nc4 h6 24. Rd3 Rc7 25. Rcd1 Rdc8 26. Ne3 Bxb3 27. Rxb3 e5 28. a4 Na7 29.
Ba3 Nc6 30. Rdb1 Nd4 31. R3b2 1-0

[Event "*** Titled Tuesday Blitz"]
[Site "Chess.com"]
[Date "2021.04.06"]
[Round "8"]
[White "IljaJoke"]
[Black "FGHSMN"]
[Result "0-1"]
[WhiteElo "2470"]
[BlackElo "2585"]
[TimeControl "180+1"]
[EndTime "11:29:12 PDT"]
[Termination "FGHSMN won by checkmate"]

1. e4 c5 2. Nf3 e6 3. d4 cxd4 4. Nxd4 a6 5. c4 Nf6 6. Nc3 Qc7 7. a3 b6 8. Be3 Bb7 9. f3 d6 10. Be2 Be7 11. Rc1 Nbd7 12. O-O O-O 13. b4 Rac8 14. Qd2 Qb8 15. Rfd1 Rfe8 16. Nb3 Bc6 17. a4 Ne5 18. b5 Bb7 19. a5 Nxc4 20. Bxc4 Rxc4 21. axb6 d5 22.
bxa6 Bxa6 23. exd5 exd5 24. Nxd5 Nxd5 25. Qxd5 Rxc1 26.
Rxc1 Bd6 27. Bd4 Bxh2+ 28. Kh1 Bf4 29. Ra1 Bb7 30. Qf5 Qd6 31. Qg4 Qh6+ 32. Kg1 Qh2+ 33. Kf2 Bg3+ 34. Kf1 Ba6+ 35. Rxa6 Re1# 0-1

[Event "*** Titled Tuesday Blitz"]
[Site "Chess.com"]
[Date "2021.04.06"]
[Round "8"]
[White "Horizonevent"]
[Black "nochewycandy"]
[Result "0-1"]
[WhiteElo "2494"]
[BlackElo "2612"]
[TimeControl "180+1"]
[EndTime "11:29:13 PDT"]
[Termination "nochewycandy won by checkmate"]

1. d4 g6 2. c4 Bg7 3. Nc3 d6 4.
e4 e5 5. d5 a5 6. h4 h5 7. Be2 Na6 8. Be3 Bh6 9. Qd2 Bxe3 10. Qxe3 Bd7 11. f4 Qe7 12. fxe5 Qxe5 13. O-O-O Nf6 14.
Nf3 Ng4 15. Qd2 Qg7 16. Rhf1 O-O 17. Nd4 Ne5 18. Rde1 Nc5 19. Ndb5 Bxb5 20. cxb5 Rfe8 21. Rf4 Re7 22. Ref1 Rae8 23. Kc2 Ned7 24. g4 hxg4 25. Bxg4 Ne5 26. Be2 Ned7 27. h5 Nxe4 28. Nxe4 Rxe4 29.
Bd3 Rxf4 30. Qxf4 Ne5 31. h6 Qh8 32. Qg5 Nxd3 33. Kxd3 Qxb2 34. h7+ Kh8 35. Rxf7 Qxb5+ 36. Kc3 Qb4+ 37. Kd3 Qe4+ 38. Kc3 Qe1+ 39. Kc4 Re4+ 40. Kd3 Qe2+ 41. Kc3 Rc4+ 42. Kb3 Qc2+ 43. Ka3 Ra4# 0-1

[Event "*** Titled Tuesday Blitz"]
[Site "Chess.com"]
[Date "2021.04.06"]
[Round "8"]
[White "elegant285"]
[Black "Olkaa"]
[Result "0-1"]
[WhiteElo "2366"]
[BlackElo "2657"]
[TimeControl "180+1"]
[EndTime "11:29:13 PDT"]
[Termination "Olkaa won by resignation"]

1. d4 Nf6 2. c4 c5 3. d5 b5 4. Qc2 b4 5. e4 d6 6. a3 Nbd7 7. Bd3 g6 8. Bd2 Qb6 9. axb4 cxb4 10. Qa4 Ng4 11. Nh3 Bg7 12. Be2 Nf6 13. Be3 Qb7 14. Nd2 O-O 15. O-O Nc5 16. Bxc5 dxc5 17. Nf4 a5 18. e5 Nd7 19. e6 Nb6 20. Qc2 Qc7 21. g3 fxe6 22. Nxe6 Bxe6 23. dxe6 a4 24. Bf3 Rad8 25. Ne4 Rxf3 26. Ng5 Rf6 27. Rad1 h6 28. Rxd8+ Qxd8 29. Nf7 Qc7 30. Qe4 Qc8 31. Rd1 Qxe6 32.
Rd8+ Kh7 33. Qb7 Rxf7 34. Qb8 Qe1+ 35. Kg2 Qxf2+ 0-1

[Event "*** Titled Tuesday Blitz"]
[Site "Chess.com"]
[Date "2021.04.06"]
[Round "8"]
[White "chescomhuynya"]
[Black "Aslanov_Umid"]
[Result "1-0"]
[WhiteElo "2563"]
[BlackElo "2405"]
[TimeControl "180+1"]
[EndTime "11:29:15 PDT"]
[Termination "chescomhuynya won on time"]

1. e4 c5 2. Nf3 d6 3. d4 cxd4 4. Nxd4 Nf6 5. Nc3 a6 6. Bc4 e6 7. Bb3 Nc6 8. O-O Be7 9. f4 O-O 10. f5 d5 11. fxe6 fxe6 12. Nxe6 Bxe6 13. exd5 Qb6+ 14.
Kh1 Rad8 15. Qe2 Nd4 16. Be3 Ng4 17. Bxd4 Qxd4 18. Qxe6+ Kh8 19. Qxe7 Nf2+ 20. Rxf2 Qxf2 21. h3 Rde8 22. Qg5 h6 23. Qc1 Qg3 24. Qg1 Rf2 25.
Rd1 Re3 26. Qh2 Qg6 27. d6 Qe8 28. d7 Qd8 29. Qg1 1-0

[Event "*** Titled Tuesday Blitz"]
[Site "Chess.com"]
[Date "2021.04.06"]
[Round "8"]
[White "DFeco"]
[Black "ErikRonka"]
[Result "0-1"]
[WhiteElo "2324"]
[BlackElo "2452"]
[TimeControl "180+1"]
[EndTime "11:29:15 PDT"]
[Termination "ErikRonka won by resignation"]

1. c4 e6 2. g3 d5 3. Bg2 Nf6 4.
Nf3 Be7 5. O-O O-O 6. b3 a5 7. a4 Na6 8. Bb2 Nb4 9. d3 c6 10. Nbd2 b6 11. e4 Nxd3 12. Bc3 Nxe4 13. Nxe4 dxe4 14.
Nd4 f5 15. Nxc6 Qc7 16. Nxe7+ Qxe7 17. Qe2 Bb7 18. f3 Nc5 19. Bd4 Nxb3 20. Rad1 Nxd4 21.
Rxd4 Qc5 22. Qf2 exf3 23. Bh1 e5 24. Rd7 Bc8 25. Qxc5 bxc5 26. Rc7 e4 27. Rxc5 Bd7 28.
Kf2 Rfc8 29. Rd5 Be6 30. Re5 Bxc4 31. Rd1 Rd8 32. Rc1 Rd2+ 33. Ke3 Re2+ 34. Kf4 f2 35. Bg2 Bf7 36. Kxf5 Re1 37. Rec5 Bg6+ 38. Kf4 Rf8+ 39. Kg5 e3 40. Bd5+ Kh8 41. Rc8 Be8 42. Bg2 h6+ 43. Kh4 e2 0-1

[Event "*** Titled Tuesday Blitz"]
[Site "Chess.com"]
[Date "2021.04.06"]
[Round "8"]
[White "KaterynaLagno"]
[Black "davidkalashian"]
[Result "1-0"]
[WhiteElo "2683"]
[BlackElo "2550"]
[TimeControl "180+1"]
[EndTime "11:29:16 PDT"]
[Termination "KaterynaLagno won on time"]

1. e4 c6 2. Nc3 g6 3. Nf3 Bg7 4. d4 d6 5. Be3 Nd7 6. Qd2 b5 7. Bd3 a5 8. O-O Ngf6 9. Bh6 O-O 10. Bxg7 Kxg7 11. e5 Ne8 12. h4 dxe5 13. dxe5 Nc5 14.
h5 Nxd3 15. h6+ Kg8 16. cxd3 Bf5 17. d4 Nc7 18. Nh4 Qd7 19. Qg5 b4 20. Na4 Ne6 21. Qg3 Nxd4 22. Kh2 Rad8 23. b3 Be6 24. Rad1 Qa7 25.
Qe3 c5 26. Rd2 Nb5 27. Rfd1 Rxd2 28. Rxd2 Nd4 29. Nxc5 Qxc5 30. Qxd4 Qc1 31. Nf3 Qb1 32. Qd8 Qf5 33. Qxe7 Qh5+ 34. Kg1 Qxh6 35. Ng5 Rc8 36. Rd8+ Rxd8 37. Qxd8+ Qf8 38. Qf6 Qe8 39. Ne4 Bd5 40. Nd6 1-0

[Event "*** Titled Tuesday Blitz"]
[Site "Chess.com"]
[Date "2021.04.06"]
[Round "8"]
[White "Mihnea2017"]
[Black "kuba2006"]
[Result "0-1"]
[WhiteElo "2440"]
[BlackElo "2347"]
[TimeControl "180+1"]
[EndTime "11:29:16 PDT"]
[Termination "kuba2006 won by resignation"]

1. e4 Nf6 2. e5 Nd5 3. d4 d6 4.
Nf3 Bg4 5. Be2 c6 6. O-O Bxf3 7.
Bxf3 dxe5 8. dxe5 e6 9. Nd2 Nd7 10. Nc4 b5 11. Nd6+ Bxd6 12. exd6 Qb8 13. Qd4 O-O 14. b3 b4 15. Bb2 N7f6 16. Bxd5 cxd5 17.
Qf4 Rd8 18. Bxf6 gxf6 19. Qxf6 Qxd6 20. Rad1 e5 21. Qg5+ Kh8 22. Rd3 Rg8 23. Qf5 f6 24. Rfd1 d4 25. Rh3 Rg7 26. Rdd3 Rag8 27. Rdg3 Qe7 28. Rh6 Rxg3 29. hxg3 Rf8 30. g4 a5 31. Kh2 e4 32. Rh3 Qe5+ 33. Qxe5 fxe5 34. Kg1 Rc8 35. Rh5 Rxc2 36. Rxe5 d3 37. Kh2 d2 38.
Rd5 Rxa2 39. Kg3 a4 40. bxa4 b3 41. Kf4 b2 42. Rb5 0-1

[Event "*** Titled Tuesday Blitz"]
[Site "Chess.com"]
[Date "2021.04.06"]
[Round "8"]
[White "dhaessel"]
[Black "tusplingher"]
[Result "0-1"]
[WhiteElo "2085"]
[BlackElo "2321"]
[TimeControl "180+1"]
[EndTime "11:29:16 PDT"]
[Termination "tusplingher won on time"]

1. d4 Nf6 2. c4 c5 3. d5 b5 4. cxb5 a6 5. bxa6 g6 6. Nc3 Bg7 7. Nf3 O-O 8. g3 Bxa6 9. Bg2 d6 10. O-O Nbd7 11. Rb1 Qa5 12. Bd2 Rfb8 13. Qc2 Qb6 14. b3 Ng4 15. Rfe1 c4 16. b4 Qxf2+ 17.
Kh1 Qb6 18. e3 Nde5 19. a4 Nd3 20. Rf1 Nxe3 21. Bxe3 Qxe3 22. Nd1 Qa7 23. b5 Bc8 24. Qxc4 Nc5 25. Nd4 Bxd4 26. Qxd4 Qxa4 27. Qf2 Bf5 28. Nc3 Qc4 29. Rbc1 Nd3 30. Qe2 Rc8 31. Rc2 Bg4 32. Qd2 Nb4 33. Rcc1 Qd3 34. Qf4 Bf5 35. Qxb4 Rc4 36. Qb2 Rac8 37. Ne2 Rc2 38. Rxc2 Rxc2 39.
Qb4 Qxe2 40. Rg1 Bh3 41. Qe4 Bxg2+ 0-1

[Event "*** Titled Tuesday Blitz"]
[Site "Chess.com"]
[Date "2021.04.06"]
[Round "8"]
[White "GadimbayliA"]
[Black "Fighter008"]
[Result "0-1"]
[WhiteElo "2773"]
[BlackElo "2628"]
[TimeControl "180+1"]
[EndTime "11:29:17 PDT"]
[Termination "Fighter008 won on time"]

1. e4 c5 2. Nf3 d6 3. d4 cxd4 4. Nxd4 Nf6 5. Nc3 a6 6. g3 e5 7. Nf3 Be7 8. Bg2 O-O 9. O-O h6 10. Nh4 Nc6 11. Nf5 Bxf5 12. exf5 Nd4 13. f4 Qb6 14.
Kh1 Rfe8 15. Rb1 Qc7 16. Qd3 Bf8 17. Be3 Nc6 18. a3 Rad8 19. Nd5 Nxd5 20. Bxd5 Ne7 21. Bg2 Nc6 22. f6 d5 23. fxg7 Bxg7 24. fxe5 Nxe5 25.
Qd1 Nc4 26. Bf4 Qc6 27. c3 Ne3 28. Bxe3 Rxe3 29. Qd2 Re5 30. Qf4 Qg6 31. Rbd1 b5 32.
Rd2 Rd6 33. Qb4 h5 34. Rfd1 Bh6 35. Rxd5 Rdxd5 36. Bxd5 Qc2 37. Bb3 Qf2 38. Rd8+ Kh7 0-1

[Event "*** Titled Tuesday Blitz"]
[Site "Chess.com"]
[Date "2021.04.06"]
[Round "8"]
[White "PowerThinking2650"]
[Black "secretsuperstar7"]
[Result "1-0"]
[WhiteElo "2382"]
[BlackElo "2187"]
[TimeControl "180+1"]
[EndTime "11:29:17 PDT"]
[Termination "PowerThinking2650 won on time"]

1. e4 c5 2. Nf3 d6 3. d4 cxd4 4. Nxd4 Nf6 5. Nc3 Nc6 6. Bc4 e6 7. Be3 a6 8. Qe2 Be7 9. O-O-O Bd7 10. Bb3 b5 11. g4 b4 12. Na4 Rb8 13. f3 Nxd4 14.
Bxd4 Qa5 15. Nc3 bxc3 16. Bxc3 Qc7 17. e5 Nd5 18. Bxd5 exd5 19. exd6 Qxd6 20. Bxg7 Rg8 21. Be5 Qh6+ 22. Kb1 Rb6 23. Rxd5 Qe6 24. Qd2 Bc6 25.
Ra5 Bb5 26. Re1 Bg5 27. f4 Be7 28. Bc3 Qg6 29. h3 Qc6 30. f5 Kf8 31. Qe3 Bc5 32. Qf4 Rb7 33. f6 1-0

[Event "*** Titled Tuesday Blitz"]
[Site "Chess.com"]
[Date "2021.04.06"]
[Round "8"]
[White "Andreikka"]
[Black "GelmanAlexander"]
[Result "1-0"]
[WhiteElo "2866"]
[BlackElo "2655"]
[TimeControl "180+1"]
[EndTime "11:29:18 PDT"]
[Termination "Andreikka won on time"]

1. d4 Nf6 2. Nc3 d5 3. Bf4 a6 4. e3 b5 5. h4 e6 6. g4 Bb7 7. g5 Nfd7 8. Nce2 c5 9. c3 Nc6 10.
Nf3 Qb6 11. h5 Be7 12. Bh3 g6 13. a3 a5 14. Bg4 Rf8 15. hxg6 hxg6 16. Bg3 b4 17.
axb4 cxb4 18. O-O Rh8 19. Nf4 Na7 20. Qc2 Rg8 21. Rfe1 Nb5 22. Rac1 Nd6 23. cxb4 axb4 24. Nd3 Ne4 25. Bf4 Bd6 26. Nde5 Nxe5 27. Nxe5 Ke7 28.
f3 Rgc8 29. Qg2 Rxc1 30. Rxc1 Bxe5 31. Bxe5 Nd6 32. Qh2 Kd7 33. b3 Rc8 34. Rxc8 Bxc8 35. Qh8 Qc6 36. Qf8 Qc1+ 37. Kh2 Qd2+ 38. Kh3 Nf5 39.
Bxf5 gxf5 40. Qd6+ Ke8 41. Bf6 1-0

[Event "*** Titled Tuesday Blitz"]
[Site "Chess.com"]
[Date "2021.04.06"]
[Round "8"]
[White "Aleksey_Sorokin"]
[Black "Alexander_Zubov"]
[Result "1-0"]
[WhiteElo "2807"]
[BlackElo "2975"]
[TimeControl "180+1"]
[EndTime "11:29:19 PDT"]
[Termination "Aleksey_Sorokin won by resignation"]

1. d4 Nf6 2. c4 e6 3. Nf3 b6 4. a3 Bb7 5. Nc3 d5 6. cxd5 Nxd5 7. Qc2 Nxc3 8. bxc3 Be7 9. e4 O-O 10. Bd3 c5 11. O-O cxd4 12. cxd4 Nd7 13. Rd1 Rc8 14. Qe2 Qc7 15. Bd2 Rfd8 16. a4 a5 17. h3 Nf6 18.
Rdb1 Bc6 19. Bg5 h6 20. Bh4 Qa7 21. Rc1 Qa8 22. d5 exd5 23. exd5 Nxd5 24. Bxe7 Re8 25.
Qe4 g6 26. Ne5 Nxe7 27. Qf4 Bd5 28. Nd7 Rxc1+ 29. Rxc1 Rc8 30. Nf6+ Kg7 31. Rxc8 Qxc8 32. Qe5 Qe6 33. Nh5+ Kf8 34. Qg7+ Ke8 35. Nf6+ Kd8 36.
Qf8+ Kc7 37. Qxe7+ Qxe7 38. Nxd5+ Kd6 39. Nxe7 Kxe7 40.
Bb5 Kd6 41. g3 g5 42. Kg2 Ke5 43. Kf3 f5 44. g4 f4 45. Kg2 Kd4 46. Be8 Kd3 47.
Kf3 Kd4 48. h4 Kd3 49. hxg5 hxg5 50. Bc6 Kd4 51. Ke2 Kc4 52. f3 Kc3 53. Be8 Kc2 54. Bb5 Kc3 55. Kd1 Kd4 56. Kd2 Ke5 57. Kc3 Kd5 58. Kd3 Ke5 59. Kc4 1-0

[Event "*** Titled Tuesday Blitz"]
[Site "Chess.com"]
[Date "2021.04.06"]
[Round "8"]
[White "schondeln"]
[Black "Grineva_Marianna"]
[Result "1-0"]
[WhiteElo "2385"]
[BlackElo "2251"]
[TimeControl "180+1"]
[EndTime "11:29:19 PDT"]
[Termination "schondeln won by checkmate"]

1. e4 c5 2. Nf3 d6 3. Bc4 Nf6 4. d3 e6 5. O-O Be7 6. Bb3 O-O 7. c3 Nc6 8. Nbd2 b5 9. Re1 Bb7 10. d4 cxd4 11. cxd4 e5 12. d5 Nb4 13. Nf1 a5 14. a3 a4 15. axb4 axb3 16. Rxa8 Qxa8 17. Qxb3 Bd8 18. Ng3 Bb6 19. Be3 Qa7 20. Bxb6 Qxb6 21. Qe3 Qxe3 22. Rxe3 Ra8 23. Ra3 Rc8 24. Rc3 Rc4 25. h3 g6 26. Rxc4 bxc4 27. Nd2 Ba6 28. Ne2 Kf8 29. Nc3 Nd7 30. b5 Bc8 31. Nxc4 Ke7 32.
f3 Nc5 33. Kf2 Bd7 34. Ke3 Nb7 35. b4 f6 36. h4 h5 37. g3 Bh3 38. Na5 Bc8 39. b6 Nxa5 40. bxa5 Ba6 41. Nb5 Kd7 42.
Nc7 Bc8 43. a6 g5 44. a7 Bb7 45. a8=Q Bxa8 46. Nxa8 Kc8 47. Nc7 Kb7 48. Ne8 Kxb6 49. Nxf6 Kc7 50. Nxh5 gxh4 51. gxh4 Kd7 52. Ng3 Ke7 53.
Nf5+ Kd7 54. h5 Ke8 55. h6 Kf7 56. Kf2 Kg6 57. Kg3 Kh7 58. Kg4 Kg6 59. Kh4 Kh7 60.
Kg5 Kg8 61. Kg6 Kh8 62. Nxd6 Kg8 63. Nc4 Kh8 64. Nxe5 Kg8 65. f4 Kh8 66. Ng4 Kg8 67. f5 Kh8 68. e5 Kg8 69. d6 Kh8 70. d7 Kg8 71. d8=Q# 1-0

[Event "*** Titled Tuesday Blitz"]
[Site "Chess.com"]
[Date "2021.04.06"]
[Round "8"]
[White "DKmirl"]
[Black "TioCridineno"]
[Result "0-1"]
[WhiteElo "1932"]
[BlackElo "2265"]
[TimeControl "180+1"]
[EndTime "11:29:21 PDT"]
[Termination "TioCridineno won by checkmate"]

1. d4 Nf6 2. c4 g6 3. Nf3 Bg7 4. g3 O-O 5. Bg2 d6 6. O-O Nc6 7. Nc3 a6 8. b3 Rb8 9. Bb2 b5 10.
cxb5 axb5 11. d5 Na5 12. Rb1 c5 13. dxc6 Nxc6 14. Nd2 Bd7 15. Nde4 Qb6 16. Nxf6+ exf6 17. Nd5 Qd8 18. Nf4 Bf5 19. e4 Bc8 20. a3 Ne5 21. Nd5 Be6 22. f4 Bxd5 23. Qxd5 Ng4 24. Qd4 Qb6 25.
Qxb6 Rxb6 26. Bh3 h5 27. Bxg4 hxg4 28. Rfd1 Re8 29. Re1 Rc6 30. Re2 f5 31. Bxg7 Kxg7 32. e5 dxe5 33. fxe5 Rce6 34. Rbe1 Rc8 35. Re3 Rc2 36.
R1e2 Rec6 37. Kf2 g5 38. e6 fxe6 39. Rxe6 Rxe2+ 40. Rxe2 Kf6 41. Re3 f4 42. gxf4 gxf4 43. Rd3 Rc5 44. Kg1 Kf5 45. Rd4 Ke5 46. Rb4 Kf5 47. a4 bxa4 48. bxa4 Rc1+ 49. Kg2 Ra1 50. Rb5+ Kg6 51. Rb4 Kg5 52. Rb5+ Kh4 53. Rb4 f3+ 54.
Kf2 Ra2+ 55. Kg1 Kh3 56. Rb8 Rg2+ 57. Kf1 Rxh2 58. Rh8+ Kg3 59. Rxh2 Kxh2 60. a5 g3 61. a6 g2+ 62. Kf2 g1=Q+ 63. Kxf3 Qa7 64. Ke4 Qxa6 65. Kd4 Qb5 66. Kc3 Qa4 67. Kd3 Qb4 68. Kc2 Qa3 69. Kb1 Kg2 70. Kc2 Kf3 71. Kd2 Qb3 72. Kc1 Qa2 73.
Kd1 Ke3 74. Kc1 Kd3 75. Kd1 Qd2# 0-1